Cogmind - Beta 10.2 @@@ ROGUE MODE // 2020.11.30 @ 20:11:48 // Halloween2020/ForbiddenLore Player: Demise Result: Destroyed by 8R-AWN with 8R-AWN's Boregun Performance ------------- Evolutions (1) 500 Regions Visited (5) 1000 Robots Destroyed (64) 320 Value Destroyed (1500) 1500 Prototype IDs (38) 760 Alien Tech Used (0) 0 Bonus (352) 352 TOTAL SCORE: 4432 Bonus ------- High Alert Combat Kills 52 Aligned with FarCom 300 Cogmind --------- Core Integrity 0/400 Matter 248/500 Energy 280/280 System Corruption 0% Temperature Cool (0) Movement Rolling (100) Location -9/Exiles Parts ------- > --- POWER (1) -------- Cooled Ion Engine > --- PROPULSION (2) --- Armored Huge Wheel > --- UTILITY (4) ------ Medium Storage Unit High-capacity Matter Pod Target Analyzer Core Analyzer > --- WEAPON (2) ------- Autogun > --- INVENTORY (8) ---- Improved Ion Engine Medium Treads Mini Grenade Launcher Peak State ------------ > --- POWER ------------ Cooled Ion Engine > --- PROPULSION ------- Improved Treads Medium Treads > --- UTILITY ---------- Large Storage Unit Target Analyzer Core Analyzer Light Armor Plating > --- WEAPON ----------- Autogun Mini Grenade Launcher > --- INVENTORY -------- Nuclear Core Nuclear Core Reinforced Deuterium Engine Improved Shield Generator Latent Energy Streamer Autogun Autogun Autogun Field Lobotomy Kit Signal Generator [Rating: 26] Favorites ----------- Power Cooled Ion Engine Engine Cooled Ion Engine Propulsion Light Treads Treads Light Treads Leg Aluminum Leg Wheel Wheel Utility Large Storage Unit Device Improved Heat Sink Storage Large Storage Unit Processor Target Analyzer Protection Light Armor Plating Weapon Autogun Energy Gun EM Pulse Gun Energy Cannon Advanced Beam Cannon Ballistic Gun Autogun Launcher Mini Grenade Launcher Special Melee Weapon Datajack Build | -11 -10 -10 -9 -9 -9 ------- Run | Scr Mat Min Mat Min Exi Slots Evolved 2 | . . . 2 . . Power . | . . . . . . Propulsion . | . . . . . . Utility 2 | . . . 2 . . Weapon . | . . . . . . Parts Attached 56 | 1 9 2 32 1 11 Power 4 | . 1 . 3 . . Engine 4 | . 1 . 3 . . Core . | . . . . . . Reactor . | . . . . . . Propulsion 17 | . 2 1 12 1 1 Treads 15 | . 1 1 12 1 . Leg . | . . . . . . Wheel 2 | . 1 . . . 1 Hover . | . . . . . . Flight . | . . . . . . Utility 16 | 1 2 . 8 . 5 Device 2 | . . . 1 . 1 Storage 9 | 1 2 . 4 . 2 Processor 2 | . . . 1 . 1 Hackware . | . . . . . . Protection 3 | . . . 2 . 1 Artifact . | . . . . . . Weapon 19 | . 4 1 9 . 5 Energy Gun 1 | . 1 . . . . Energy Cannon 1 | . . . 1 . . Ballistic Gun 15 | . 3 1 8 . 3 Ballistic Cannon . | . . . . . . Launcher 1 | . . . . . 1 Special Weapon . | . . . . . . Impact Weapon . | . . . . . . Slashing Weapon . | . . . . . . Piercing Weapon . | . . . . . . Special Melee Weapon 1 | . . . . . 1 Unidentified Prototypes 2 | . . . 2 . . Parts Lost 16 | . 3 2 5 . 6 Power 1 | . . . 1 . . Propulsion 3 | . . 1 1 . 1 Utility 2 | . . . . . 2 Weapon 10 | . 3 1 3 . 3 Highest Loss Streak 6 | . 2 1 3 . 6 Average Slot Usage (%) 99 | . 98 99 98 100 99 Engine 11 | . 14 14 10 11 11 Treads 19 | . 13 13 21 22 21 Wheel 3 | . 13 14 . . . Device 3 | . . . 7 . . Storage 22 | . 28 28 23 33 15 Processor 11 | . . . 10 11 19 Protection 3 | . . . 1 . 8 Ballistic Gun 19 | . 18 27 21 22 11 Launcher 2 | . . . . . 8 Naked Turns . | . . . . . . Heaviest Build 62 | 15 41 40 62 62 62 Greatest Support 51 | 20 20 20 43 51 51 Greatest Overweight (x) 4 | . 4 3 2 1 1 Average Overweight (x) . | . 1 1 1 1 . Largest Inventory Capacity 22 | 8 16 16 22 22 22 Average Capacity 15 | 6 10 16 17 22 12 Most Carried 22 | 8 11 11 22 22 22 Average Carried 13 | 6 8 10 16 21 9 Final Capacity 22 | 8 16 16 22 22 8 Final Carried 22 | 8 11 10 22 22 3 Class Distribution -------------------- 75% | Mutant 21% | Hauler-Mutant Dominant Class ---------------- Mutant | -10/Materials Mutant | -10/Mines Mutant | -9/Materials Hauler-Mutant | -9/Mines Mutant | -9/Exiles Resources | -11 -10 -10 -9 -9 -9 ----------- Run | Scr Mat Min Mat Min Exi Matter Collected 2148 | 228 360 159 1030 55 316 Remotely . | . . . . . . Salvage Created 2133 | 89 473 132 1339 100 . Parts 156 | 5 36 13 98 4 . Haulers Intercepted 3 | . . . 3 . . Recyclers Shooed . | . . . . . . Parts Field Recycled . | . . . . . . Retrieved Matter . | . . . . . . Parts Self-Destructed . | . . . . . . Prevented . | . . . . . . Kills | -11 -10 -10 -9 -9 -9 ------- Run | Scr Mat Min Mat Min Exi Combat Hostiles Destroyed 53 | . 15 6 29 2 1 Guns 50 | . 13 6 29 2 . AOE 3 | . 2 . . . 1 Classes Destroyed 12 | 2 3 1 5 . 1 Worker 1 | . . 1 . . . Builder 2 | . 1 1 . . . Tunneler 1 | 1 . . . . . Hauler 3 | . . . 3 . . Recycler 1 | 1 . . . . . Mechanic 1 | . . . 1 . . Watcher 3 | . . . 3 . . Swarmer 22 | . 6 6 10 . . Grunt 19 | . 9 . 8 2 . Brawler 2 | . . . 2 . . Sentry 9 | . . . 9 . . Assembled 1 | . . . . . 1 Best Kill Streak 5 | 2 5 4 4 1 1 Combat Bots Only 5 | . 5 3 4 1 1 Max Kills in Single Turn 2 | 1 2 1 2 1 1 Gunslinging 1 | . 1 . 1 . . Exploded 2 | . 2 . . . 1 Melee . | . . . . . . Uniques/NPCs Destroyed . | . . . . . . Combat | -11 -10 -10 -9 -9 -9 -------- Run | Scr Mat Min Mat Min Exi Damage Taken 3287 | . 593 235 1625 134 700 Core 568 | . 117 40 263 35 113 Absorbed by Shields 146 | . . . . . 146 Core Remaining (%) 68 | 100 . 37 . . . Volleys Fired 236 | 6 42 23 116 10 39 Largest 2 | 2 2 2 2 2 2 Hottest 80 | 60 80 40 46 46 46 Shots Fired 431 | 12 79 44 221 20 55 Gun 430 | 12 79 44 221 20 54 Cannon . | . . . . . . Launcher 1 | . . . . . 1 Special . | . . . . . . Kinetic 409 | 6 64 44 221 20 54 Thermal . | . . . . . . Explosive 1 | . . . . . 1 Electromagnetic 21 | 6 15 . . . . Robot Hit Streak 15 | 4 15 7 15 4 11 Robot Miss Streak 5 | 1 3 5 4 2 1 Penetration Max . | . . . . . . Secondary Targets 4 | . 2 . 2 . . Max Gunslinging Chain 1 | . 1 . 1 . . Shots Hit Robots 307 | 9 55 26 157 13 47 Core Hits 104 | 3 21 13 52 4 11 Critical Hits 19 | . 2 . 15 1 1 Critical Kills 7 | . 2 . 5 . . Critical Parts Destroyed 8 | . . . 7 1 . Melee Attacks 4 | . . . . . 4 Impact . | . . . . . . Slashing . | . . . . . . Piercing . | . . . . . . Sneak Attacks 3 | . . . . . 3 Combat Hostiles . | . . . . . . Follow-up Attacks . | . . . . . . Damage Inflicted 4134 | 109 713 284 2142 216 670 Guns 3971 | 109 590 284 2142 216 630 Cannons . | . . . . . . Explosions 163 | . 123 . . . 40 Melee . | . . . . . . Ramming . | . . . . . . Kinetic 3848 | 71 505 284 2142 216 630 Thermal 123 | . 123 . . . . Explosive 40 | . . . . . 40 Electromagnetic 123 | 38 85 . . . . Impact . | . . . . . . Slashing . | . . . . . . Piercing . | . . . . . . Highest Corruption . | . . . . . . Average Corruption . | . . . . . . Corruption Purged . | . . . . . . Overload Shots . | . . . . . . Overflow Damage 9 | . . . . . 9 Projectiles . | . . . . . . Explosions 9 | . . . . . 9 Melee . | . . . . . . Knockbacks . | . . . . . . Impact . | . . . . . . Kinetic . | . . . . . . Secondary . | . . . . . . Self-Inflicted Damage 37 | . 37 . . . . Shots 1 | . 1 . . . . Rammed . | . . . . . . Targets Rammed . | . . . . . . Kicked . | . . . . . . Crushed . | . . . . . . Highest Temperature 153 | 20 153 . 16 4 4 Average Temperature 35 | 20 86 . 4 3 2 Received Heat Transfer 729 | . 237 21 417 54 . Siege Activations . | . . . . . . Robots Corrupted . | . . . . . . Combat Hostiles . | . . . . . . Parts Fried . | . . . . . . Impact Corruptions . | . . . . . . Robots Melted . | . . . . . . Combat Hostiles . | . . . . . . Parts Melted . | . . . . . . Heat Transferred 150 | . 150 . . . . Parts Sabotaged . | . . . . . . Parts Stolen . | . . . . . . Parts Stripped . | . . . . . . Power Chain Reactions 1 | . 1 . . . . Missiles Intercepted . | . . . . . . Alert | -11 -10 -10 -9 -9 -9 ------- Run | Scr Mat Min Mat Min Exi Peak Influence 528 | 10 336 132 528 216 . Initial 151 | . 6 72 27 151 . Average 233 | 6 155 99 305 181 . Maximum Alert Level 2 | . 1 . 2 1 . Low Security (%) 45 | 100 62 100 22 55 . Level 1 40 | . 37 . 53 44 . Level 2 14 | . . . 24 . . Level 3 . | . . . . . . Level 4 . | . . . . . . Level 5 . | . . . . . . High Security . | . . . . . . Max Security . | . . . . . . Squads Dispatched 5 | . 3 . 2 . . Investigation 4 | . 2 . 2 . . Extermination . | . . . . . . Reinforcement 1 | . 1 . . . . Assault . | . . . . . . Garrison . | . . . . . . Intercept . | . . . . . . Construction Impeded . | . . . . . . Haulers Reinforced . | . . . . . . Stealth | -11 -10 -10 -9 -9 -9 --------- Run | Scr Mat Min Mat Min Exi Distress Signals 7 | . 1 . 6 . . Communications Jammed . | . . . . . . Distress Signals . | . . . . . . Times Spotted 76 | . 19 8 44 3 2 Peak Tracking Total 9 | . 7 3 6 2 9 Tactical Retreats 7 | . 2 . 4 1 . Traps | -11 -10 -10 -9 -9 -9 ------- Run | Scr Mat Min Mat Min Exi Traps Triggered 3 | . 2 . . 1 . Indirectly . | . . . . . . Trap Hack Attempts . | . . . . . . Triggered . | . . . . . . Disarmed . | . . . . . . Reprogrammed . | . . . . . . Reused . | . . . . . . Traps Extracted . | . . . . . . Installed . | . . . . . . Triggered . | . . . . . . Exploded 3 | . . . . . 3 Machines | -11 -10 -10 -9 -9 -9 ---------- Run | Scr Mat Min Mat Min Exi Machines Disabled 11 | . 1 . 3 . 7 Max in Single Turn 2 | . 1 . 1 . 2 Machines Sabotaged . | . . . . . . Garrisons Compromised . | . . . . . . Overloaded Fab Kills . | . . . . . . Fab Network Shutdowns . | . . . . . . Hacking | -11 -10 -10 -9 -9 -9 --------- Run | Scr Mat Min Mat Min Exi Machines Accessed 14 | . 2 . 9 1 2 Terminals 6 | . . . 6 . . Fabricators . | . . . . . . Repair Stations 1 | . . . 1 . . Recycling Units 3 | . 2 . 1 . . Scanalyzers 1 | . . . 1 . . Garrison Access . | . . . . . . Total Hacks 31 | . 2 . 23 1 5 Successful 23 | . 2 . 15 1 5 Failed 8 | . . . 8 . . Catastrophic 1 | . . . 1 . . Database Lockouts . | . . . . . . Manual 16 | . . . 15 . 1 Terminals 17 | . . . 17 . . Fabricators . | . . . . . . Repair Stations 2 | . . . 2 . . Recycling Units 3 | . 2 . 1 . . Scanalyzers 3 | . . . 3 . . Garrison Access . | . . . . . . Terminal Hacks 13 | . . . 7 1 5 Record 4 | . . . . . 4 Part Schematic 1 | . . . 1 . . Robot Analysis 3 | . . . 3 . . Prototype ID Bank 1 | . . . 1 . . Open Door 1 | . . . . 1 . Branch Access Points 1 | . . . 1 . . Unreport Threat 1 | . . . 1 . . EX-Prototype ID Bank 1 | . . . . . 1 Fabricator Hacks . | . . . . . . Repair Station Hacks 2 | . . . 2 . . Scan Component 1 | . . . 1 . . Repair 1 | . . . 1 . . Recycling Unit Hacks 2 | . 2 . . . . Report Inventory 2 | . 2 . . . . Scanalyzer 2 | . . . 2 . . Insert Component 1 | . . . 1 . . Analyze 1 | . . . 1 . . Garrison Access Hacks . | . . . . . . Unauthorized Hacks 4 | . . . 4 . . Terminals 3 | . . . 3 . . Botnet 2 | . . . 2 . . Operators 1 | . . . 1 . . Fabricators . | . . . . . . Repair Stations . | . . . . . . Recycling Units 1 | . . . 1 . . Tunnel 1 | . . . 1 . . Scanalyzers . | . . . . . . Garrison Access . | . . . . . . Data Cores Recovered . | . . . . . . Used . | . . . . . . Hacking Detections 7 | . 1 . 6 . . Full Trace Events 1 | . . . 1 . . Feedback Events . | . . . . . . Feedback Blocked . | . . . . . . Robot Schematics Acquired . | . . . . . . Robots Built . | . . . . . . Matter . | . . . . . . Time . | . . . . . . Total Robot Build Rating . | . . . . . . Part Schematics Acquired 2 | . . . 2 . . Parts Built . | . . . . . . Matter . | . . . . . . Time . | . . . . . . Total Part Build Rating . | . . . . . . Parts Repaired 1 | . . . 1 . . Time 51 | . . . 51 . . Parts Recycled . | . . . . . . Recycled Matter . | . . . . . . Retrieved Matter . | . . . . . . Retrieved Components . | . . . . . . Parts Scanalyzed 1 | . . . 1 . . Part Schematics Acquired 1 | . . . 1 . . Parts Damaged . | . . . . . . Bothacking | -11 -10 -10 -9 -9 -9 ------------ Run | Scr Mat Min Mat Min Exi Used RIF Installer . | . . . . . . Robots Hacked 3 | . . . . . 3 Non-combat 2 | . . . . . 2 Combat 1 | . . . . . 1 Robot Hacks Applied 3 | . . . . . 3 parse_system 3 | . . . . . 3 Relay Couplers Released . | . . . . . . Robots Rewired . | . . . . . . Allies Hacked . | . . . . . . Hacks Repelled . | . . . . . . Allies | -11 -10 -10 -9 -9 -9 -------- Run | Scr Mat Min Mat Min Exi Total Allies . | . . . . . . Largest Group . | . . . . . . Highest-Rated Group . | . . . . . . Highest-Rated Ally . | . . . . . . Total Orders . | . . . . . . Ally Attacks . | . . . . . . Total Damage . | . . . . . . Kills . | . . . . . . Allies Corrupted . | . . . . . . Allies Melted . | . . . . . . Intel | -11 -10 -10 -9 -9 -9 ------- Run | Scr Mat Min Mat Min Exi Robot Analysis Total 3 | . . . 3 . . Derelict Logs Recovered 2 | . . 1 . 1 . Drone Launches . | . . . . . . Drone Recoveries . | . . . . . . Exploration | -11 -10 -10 -9 -9 -9 ------------- Run | Scr Mat Min Mat Min Exi Turns Passed 5250 | 30 443 649 2078 395 1655 Spaces Moved 2532 | 8 235 328 871 194 896 Core . | . . . . . . Treads 2356 | . 78 317 871 194 896 Legs 19 | 8 11 . . . . Wheels 157 | . 146 11 . . . Hover . | . . . . . . Flight . | . . . . . . Fastest Speed 90 | 120 90 110 160 180 160 Average Speed 168 | 120 123 177 180 180 164 Slowest Speed 200 | 120 160 180 200 180 180 Overloaded Moves . | . . . . . . Propulsion Burnouts . | . . . . . . Robots Hopped . | . . . . . . Cave-ins Triggered . | . . . . . . Exploration Rate (%) 49 | 2 36 76 65 45 71 Regions Visited 5 Branch Regions 3 Pre-discovered Areas 3 | . . 1 1 . 1 Known Exits Taken 1 | . . . 1 . . Unknown Exits Taken 4 | 1 1 1 . 1 . Scrap Searched 2 | . . 1 . 1 . Spaces Dug . | . . . . . . Terrain Destroyed 12 | . 4 . . . 8 Melee . | . . . . . . Projectile . | . . . . . . AOE 12 | . 4 . . . 8 Terrain Rammed . | . . . . . . Walls Destroyed . | . . . . . . Machines Disabled . | . . . . . . Actions | -11 -10 -10 -9 -9 -9 --------- Run | Scr Mat Min Mat Min Exi Total 3161 | 16 309 355 1206 230 1045 Wait 181 | . 13 2 106 10 50 Move 2527 | 7 234 327 870 193 896 Hop . | . . . . . . Pick Up 65 | 2 6 1 37 7 12 Fast Attach 20 | 1 2 . 13 . 4 Attach 14 | . 5 2 3 . 4 Detach 6 | . 1 . 2 . 3 Swap 22 | . 2 . 16 1 3 Drop 86 | . 4 . 43 9 30 Fire 236 | 6 42 23 116 10 39 Melee 4 | . . . . . 4 Ram . | . . . . . . Kick . | . . . . . . Crush . | . . . . . . Escape Stasis . | . . . . . . Rewire . | . . . . . . Trap . | . . . . . . Miscellaneous . | . . . . . . Route ------- -11/Scrapyard -10/Materials -10/Mines -9/Materials (discovered 5 exits: [*Mat] / *Min x2 / *Sto x2) -9/Mines -9/Exiles (discovered 1 exit: [*Min]) History --------- Turn | Location | Event 21 | -11/Scrapyard | Discovered new exit (range 2) 31 | -11/Scrapyard | Entered Materials 259 | -10/Materials | Discovered new exit (range 13) 301 | -10/Materials | Build established: Mutant 474 | -10/Materials | Entered Mines 474 | -10/Mines | Learned Materials trap positions 497 | -10/Mines | Core integrity fell below 50% 616 | -10/Mines | Found a damaged Exp. Sensor Array with a note attached 620 | -10/Mines | Found Prototype Device 749 | -10/Mines | Learned location of Storage (-9) 1048 | -10/Mines | Discovered new exit (range 10) 1123 | -10/Mines | Entered Materials 1123 | -9/Materials | Evolved 2 slots: Utility x2 1124 | -9/Materials | Loaded intel: 15 trap records 1493 | -9/Materials | Discovered new exit (range 4) 1713 | -9/Materials | Lost 3 parts (1n2w) 2212 | -9/Materials | Identified Exp. Sensor Array 2313 | -9/Materials | Repaired Cld. Ion Engine 2425 | -9/Materials | Discovered new exit (range 16) 2700 | -9/Materials | Discovered new exit (range 15) 2722 | -9/Materials | Core integrity fell below 50% 2873 | -9/Materials | Identified exit to Mines 2873 | -9/Materials | Identified exit to Storage 2881 | -9/Materials | Discovered new exit (range 7) 3140 | -9/Materials | Build established: Hauler-Mutant 3201 | -9/Materials | Entered Mines 3202 | -9/Mines | Met a Derelict testing a Signal Generator 3213 | -9/Mines | Found Signal Generator 3261 | -9/Mines | Met a Derelict who couldn't figure out how to use a Trap Extractor 3339 | -9/Mines | Learned location of 1 exit from Proximity Caves 3449 | -9/Mines | Deemed a non-threat by the Exiles lab entrance 3449 | -9/Mines | Discovered new exit (range 5) 3596 | -9/Mines | Entered Exiles 3640 | -9/Exiles | Met 8R-AWN 3674 | -9/Exiles | Met EX-HEX 3779 | -9/Exiles | Met EX-DEC 3831 | -9/Exiles | Learned location of Zion (-7) 3893 | -9/Exiles | Discovered new exit (range 10) 4257 | -9/Exiles | Met EX-BIN 4264 | -9/Exiles | Build established: Mutant 4274 | -9/Exiles | Aligned with FarCom system 4276 | -9/Exiles | Given EX-Vault access code 4313 | -9/Exiles | Opened EX-Vault 4322 | -9/Exiles | Found Field Lobotomy Kit 4328 | -9/Exiles | Found Latent Energy Streamer 4397 | -9/Exiles | Warned to stay clear of 0b10 Research branches 4661 | -9/Exiles | Found Flying Fortress v7 5073 | -9/Exiles | Attacked by the Exiles 5197 | -9/Exiles | Core integrity fell below 20% 5251 | -9/Exiles | Destroyed by 8R-AWN with 8R-AWN's Boregun Last Messages --------------- 05230_ HV Slug penetrates Wall. 05234_ Penetrated by HV Slug. 05234_ HV Slug penetrates Wall. 05234_ Penetrated by HV Slug. 05234_ HV Slug penetrates Wall. 05236_ 8R-AWN suffers critical hit. 05238_ Penetrated by HV Slug. 05238_ HV Slug penetrates Wall. 05238_ Penetrated by HV Slug. 05238_ HV Slug penetrates Wall. 05243_ Penetrated by HV Slug. 05243_ HV Slug penetrates Wall. 05243_ Penetrated by HV Slug. 05243_ HV Slug penetrates Wall. 05243_ Machine disabled. 05247_ HV Slug penetrates Machine. 05247_ HV Slug penetrates Wall. 05251_ Penetrated by HV Slug. 05251_ HV Slug penetrates Earth. 05251_ Penetrated by HV Slug. Map ----- +----------------------------------------------------+ | ?????????????????????????????????????????????????? | | ??????????#####??????????????????????????????????? | | ?????????## ##?????????????????????????????????? | | ?????????# #?????????????????????????????????? | | ?????????# < #?????????????????????????????????? | | ?????????# ###???????????????????????????????? | | ?????????# ! #???????????????????????????????? | | ?????????# =![ #????????????????????????????????? | | ??????????#|!!!/#????????????????????????????????? | | ??????????# =[=]##???????????????????????????????? | | ??????????## !=| #????????????#######????????????? | | ???????????# #######??????#!!! "#????????????? | | ???????????# #""##?????# "#????????????? | | ???????????## #?????# "#????????????? | | ????????????##" ##???## "#????????????? | | ????????????#"" #####" ""#???????????? | | ????????????#### ##" ""#????????????" | | ???????????????## # " #??????????????" | | ????????????????#"## ###???????????"" | | ????????????????####### ##??????????"" | | ??????????????????????### #?????????? | | ????????????????######## #???????????" | | ????????????????# """" !g ""#?????????# | | ????????????????#! !! ## "#####???### | | ????????????????#! #?##" """#####X# | | ????????????????#! !@ ;#??#" * | | ????????????????# !" " ;;##??#"# | | ????????????????########;# #??#### * | | ??????????????????????? # ##?????### | | ??????????????????????## # #????????### | | ??????????????????????? ## #??????????## | | ??????????????????????? ?# #???????????## | | ??????????????????????##?# #????????????##" | | ?????????????????????????# #?????????????#""" | | ?????????????????????????? ?????????????##" | | ?????????????????????????? ?????????????#"" | | ?????????????????????????? ????????????##""" | | ?????????????????????????? ????????????#""" | | ?????????????????????????? ????????????#""" | | ?????????????????????????? ????????????#"" | | ?????????????????????????? ????????????#""" | | ???????????????????????????????????????#"" | | ???????????????????????????????????????##"" | | ????????????????????????????????????????#"""" | | ????????????????????????????????????????## | | ?????????????????????????????????????????#" | | ?????????????????????????????????????????#"""" | | ?????????????????????????????????????????#"" | | ?????????????????????????????????????????#" | | ??????????????????????????????????????????""" | +----------------------------------------------------+ Best States ------------- Heat Dissipation 42 Energy Generation 14 Energy Capacity 280 Matter Stores 343 Matter Capacity 500 Sight Range 16 Terrain Scan Density 10 Armor Coverage 150 Evasion (%) 42 Target Analysis 5 Core Analysis 6 Recoil Reduction 2 Item Schematics ----------------- Exp. Sensor Array | -9/Materials | Scanalyzed Hcp. Storage Unit | -9/Materials | Hacked Robot Schematics ------------------ None Fabricated ------------ Nothing Alien Tech Used ----------------- None Achievements -------------- None Challenges ------------ None Game ------ Seed RagnarokHeartProtection Manual? 0 Play Time 00:37:01 Cumulative 100.4 hours Start 2020.11.30 @ 18:31:07 End 2020.11.30 @ 20:11:48 Sessions 3 Manual Loads 0 Difficulty Rogue Special Mode Halloween2020/ForbiddenLore Game No. 91 Rogue 91 Adventurer 0 Explorer 0 Win Type - Total 0 Types 0/0/0/0/0/0/0/0/0 Lore% 48 Gallery% 57 Achievement% 52 Wizard Run 0 Options --------- ASCII 0 Keyboard 1 Movement Numpad Keybinds 0 Fullscreen 1 Font 12/Terminus Map View 83x54 Tactical HUD 1 Map Filters NONE Filters NONE Steam 1 RUN: 643575e7-824e-4280-ad3f-afa4f615948d